 Dungeon Crawl Stone Soup version 0.23.0-3-gf3c87f2 (webtiles) character file.

Game seed: 2505465307781261226

43568 Kairos the Cleaver (level 13, -12/103 HPs)
             Began as a Demonspawn Fighter on Feb 24, 2019.
             Was a High Priest of Okawaru.
             Killed from afar by an ice dragon (43 damage)
             ... with a blast of cold
             ... on level 6 of the Lair of Beasts.
             The game lasted 00:36:05 (12753 turns).

Kairos the Cleaver (Demonspawn Fighter)            Turns: 12753, Time: 00:36:06

Health: -12/103    AC: 25    Str: 26    XL:     13   Next: 91%
Magic:  15/15      EV: 19    Int: 10    God:    Okawaru [*****.]
Gold:   1521       SH: 20    Dex: 12    Spells: 12/12 levels left

rFire    . . .     SeeInvis .   a - +1 war axe
rCold    . . .     Gourm    .   c - +0 shield
rNeg     + . .     Faith    .   X - +3 plate armour {MR+}
rPois    .         Spirit   .   J - +0 helmet
rElec    .         Reflect  +   G - +0 cloak of Purpose {+Blink Stlth+}
rCorr    .         Harm     .   (no gloves)
MR       +....                  Q - +2 pair of boots {Stlth+}
Stlth    +.........             F - +5 amulet of reflection
HPRegen  0.27/turn              i - +4 ring of strength
MPRegen  0.14/turn              H - +5 ring of evasion

@: about to teleport, heroism
A: claws 1, repulsion field 1, negative energy resistance 1, powered by death 2,
powered by pain 3
a: Heroism, Finesse, Renounce Religion, Evoke Blink


You were on level 6 of the Lair of Beasts.
You worshipped Okawaru.
Okawaru was extremely pleased with you.
You were not hungry.

You visited 2 branches of the dungeon, and saw 15 of its levels.
You also visited: Volcano.

You collected 1521 gold pieces.

Inventory:

Hand Weapons
 a - a +1 war axe (weapon)
 K - a +2 morningstar of freezing
 N - a +1 quick blade of flaming
 P - a +0 hand axe of flaming
Missiles
 t - 8 tomahawks (quivered)
 M - a throwing net
Armour
 c - a +0 shield (worn)
 r - a scarf of spirit shield
 G - the +0 cloak of Purpose (worn) {+Blink Stlth+}
   (You found it on level 1 of the Lair of Beasts)

   It lets you blink.
   It makes you more stealthy.
 J - a +0 helmet (worn)
 Q - a +2 pair of boots of stealth (worn)
 U - a +0 cloak of fire resistance
 X - a +3 plate armour of magic resistance (worn)
Magical Staves
 B - an uncursed staff of cold
Jewellery
 g - an uncursed amulet of rage
 i - a +4 ring of strength (left claw)
 l - an uncursed ring of stealth
 z - an uncursed ring of flight
 F - a +5 amulet of reflection (around neck)
 H - a +5 ring of evasion (right claw)
 T - a +5 ring of intelligence
Wands
 b - a wand of polymorph (13)
 m - a wand of paralysis (14)
 o - a wand of digging (5)
 q - a wand of random effects (16)
 I - a wand of iceblast (15)
 R - a wand of flame (10)
Scrolls
 h - 2 scrolls of immolation
 j - a scroll of teleportation
 p - a scroll of fog
 s - a scroll of blinking
 u - 2 scrolls of magic mapping
 y - 3 scrolls of remove curse
 A - 2 scrolls of enchant armour
 C - a scroll of amnesia
 E - 7 scrolls of identify
 Y - a scroll of brand weapon {unknown}
Potions
 d - 3 potions of might
 e - 3 potions of curing
 k - a potion of magic
 n - 2 potions of lignification
 v - a potion of cancellation
 w - 4 potions of ambrosia
 x - 3 potions of heal wounds
 D - 2 potions of berserk rage
 O - a potion of resistance {unknown}
 S - a potion of brilliance {unknown}
 V - 2 potions of flight {unknown}
Comestibles
 f - 32 rations


   Skills:
 + Level 10.2(15.2) Fighting
 + Level 13.9(18.9) Axes
 + Level 7.4(12.4) Armour
 + Level 3.9(8.9) Dodging
 + Level 2.7(7.7) Stealth
 + Level 12.3(17.3) Shields
 + Level 3.1 Invocations
 + Level 0.6 Evocations


You had 12 spell levels left.
You didn't know any spells.
Your spell library contained the following spells:

 Spells                   Type           Power        Failure   Level  Hunger
 Magic Dart               Conj           #...         97%         1    ##.....
 Blink                    Tloc           N/A          99%         2    ###....
 Call Imp                 Summ           #.......     99%         2    ###....
 Slow                     Hex            #.......     99%         2    ###....
 Conjure Flame            Conj/Fire      #.......     100%        3    ####...
 Mephitic Cloud           Conj/Pois/Air  #.......     100%        3    ####...


Dungeon Overview and Level Annotations

Branches:
Dungeon (10/15)            Temple (0/1) D:6            Lair (6/6) D:10
  Snake (0/4) Lair:3          Orc (0/2) D:10
  Swamp: Lair:2-4    Shoals: Lair:2-4     Slime: Lair:5-6

Altars:
Elyvilon
Okawaru
Zin

Shops:
D:5 ?

Annotations:
D:7 1 runed translucent door


Innate Abilities, Weirdness & Mutations

You have sharp fingernails.
You are surrounded by a mild repulsion field. (EV +2)
You resist negative energy. (rN+)
You regenerate health from kills.
You are powered by pain.


Message History

Unknown command.
Your plate armour prevents you from hitting the ice dragon.
The ice dragon is moderately wounded.
Unknown command.
You completely miss the ice dragon.
The ice dragon is moderately wounded.
The ice dragon breathes frost at you. The blast of cold hits you!!!
Ouch! That really hurt!
* * * LOW HITPOINT WARNING * * *
You focus on the pain.
You feel your power returning.
Unknown command.
You are too injured to fight recklessly!
You are too injured to fight recklessly!
As you read the scroll of teleportation, it crumbles to dust.
You feel strangely unstable. You block the ice dragon's attack. x2
The ice dragon closely misses you. The ice dragon breathes frost at you.
The blast of cold hits you!!!
You die...

#.......#
#.........#...#######
#.(....##
##...#.#####......#..
##P#.PPP# ##..#..##
####....... ###..P.##
##..##.## $####.#..##
.#...### #....###
$$$##....P.# #...#.#
###..## $$$###......
.P.#### ##..# $.$#
#...... ....####
#..####$$ #......
P....#.## ##.@.#'#
#...#.. ##†..†#†####
##..D## #####P#
##.....##.# ###⌠..#
### ##..#.....##
##=..###
....###....###....#
...## ##........###
#### ####.P.### #####


You could see an ice dragon.

Vanquished Creatures
  A fire dragon (Lair:6)
  Erolcha (D:9)
  Josephine (D:10)
  3 hydras
  Sonja (D:10)
  2 skeletal warriors (Volcano)
  A swamp dragon (Lair:6)
  2 lindwurms (Lair:6)
  An anaconda skeleton (Volcano)
  A centaur zombie (D:10)
  11 elephants (Lair:6)
  6 black mambas
  5 gargoyles (Volcano)
  A centaur skeleton (D:10)
  4 spiny frogs
  5 torpor snails (Lair:6)
  3 rime drakes
  3 komodo dragons
  A troll (D:10)
  4 tyrant leeches (Lair:6)
  A harpy skeleton (Volcano)
  11 hornets
  17 blink frogs
  5 hippogriffs
  Sigmund (D:3)
  7 dream sheep
  3 flying skulls (Volcano)
  4 wraiths (D:10)
  2 steam dragons (Lair:6)
  2 wyverns
  29 yaks
  3 alligator skeletons (Volcano)
  A basilisk (Lair:3)
  3 fire bats (Lair:3)
  2 hungry ghosts (D:8)
  7 nagas (Lair:3)
  2 acid dragons (Lair:6)
  6 porcupines
  11 water moccasins
  3 orc warriors
  2 swamp drakes (Lair:6)
  A sky beast (D:7)
  2 phantoms
  A black bear (D:7)
  A necrophage (D:9)
  2 ogres (D:4)
  A centaur (D:8)
  4 wolves (Lair:1)
  4 big kobolds
  7 crocodiles
  8 bullfrogs
  A water moccasin zombie (D:7)
  5 scorpions
  A killer bee (D:7)
  A troll skeleton (Volcano)
  4 wights (D:8)
  4 spriggan skeletons (Volcano)
  2 howler monkeys (D:10)
  5 crimson imps (D:8)
  A bullfrog zombie (D:8)
  3 hounds
  4 jellies
  A gnoll shaman (D:6)
  9 orc priests
  8 orc wizards
  Crazy Yiuf (D:6)
  2 bullfrog skeletons
  4 iguanas
  Terence (D:3)
  Natasha (thrice) (D:3)
  11 worker ants
  2 killer bee zombies (D:6)
  A hound zombie (D:6)
  A naga skeleton (Volcano)
  A hound skeleton (D:9)
  A worker ant zombie (D:5)
  8 gnolls
  11 adders
  A shadow imp (D:10)
  An adder zombie (D:7)
  5 adder skeletons
  A worm (D:5)
  4 dart slugs
  A leopard gecko (D:5)
  37 orcs
  2 ball pythons
  10 bats
  6 giant cockroaches
  4 goblins
  7 hobgoblins
  14 jackals
  11 kobolds
  4 quokkas
  3 frilled lizards
  A jackal zombie (D:8)
  A quokka skeleton (D:4)
  17 rats
  A butterfly (D:7)
  6 plants (Lair:6)
443 creatures vanquished.

Vanquished Creatures (others)
  A hippogriff (Lair:6)
  A kobold (D:3)
  5 fungi
  10 plants (Lair:6)
17 creatures vanquished.

Grand Total: 460 creatures vanquished

Notes
Turn   | Place    | Note
-------+----------+-------------------------------------------
     0 | D:1      | Kairos the Demonspawn Fighter began the quest for the Orb.
     0 | D:1      | Reached XP level 1. HP: 18/18 MP: 1/1
   127 | D:1      | Gained mutation: You sometimes gain a little power by
                  | taking damage. [demonic ancestry]
   127 | D:1      | Reached XP level 2. HP: 14/24 MP: 2/2
   374 | D:1      | Reached skill level 2 in Axes
   640 | D:1      | Reached XP level 3. HP: 29/29 MP: 3/3
  1512 | D:2      | Gained mutation: You are surrounded by a mild repulsion
                  | field. (EV +2) [demonic ancestry]
  1512 | D:2      | Reached XP level 4. HP: 28/36 MP: 2/4
  1571 | D:3      | Noticed Natasha
  1580 | D:3      | Killed Natasha
  1592 | D:3      | Noticed Sigmund
  1600 | D:3      | Killed Sigmund
  1600 | D:3      | Reached skill level 3 in Axes
  1600 | D:3      | Reached skill level 1 in Dodging
  1600 | D:3      | Gained mutation: You regenerate a little health from kills.
                  | [demonic ancestry]
  1600 | D:3      | Reached XP level 5. HP: 35/42 MP: 5/5
  1600 | D:3      | Gained mutation: You have sharp fingernails. [demonic
                  | ancestry]
  1600 | D:3      | Reached XP level 6. HP: 40/48 MP: 6/6
  1728 | D:3      | Noticed Natasha
  1737 | D:3      | Killed Natasha
  1838 | D:3      | Found a faded altar of an unknown god.
  1934 | D:3      | Noticed Natasha
  1948 | D:3      | Killed Natasha
  2108 | D:3      | Noticed Terence
  2154 | D:3      | Killed Terence
  2419 | D:4      | Reached skill level 4 in Axes
  2556 | D:4      | Gained mutation: You regenerate health from kills. [demonic
                  | ancestry]
  2556 | D:4      | Reached XP level 7. HP: 50/54 MP: 7/7
  2647 | D:4      | Reached skill level 1 in Stealth
  2999 | D:4      | Reached skill level 5 in Shields
  3097 | D:4      | Found an iron altar of Okawaru.
  3101 | D:4      | Became a worshipper of Warmaster Okawaru
  3161 | D:4      | Reached skill level 5 in Axes
  3188 | D:5      | Entered Level 5 of the Dungeon
  3230 | D:5      | Found a white marble altar of Elyvilon.
  3443 | D:5      | Reached XP level 8. HP: 52/60 MP: 4/8
  3661 | D:5      | Found James's Magic Scroll Boutique.
  3930 | D:6      | Found a glowing silver altar of Zin.
  3946 | D:6      | Reached skill level 6 in Axes
  4008 | D:6      | Reached * piety under Okawaru
  4068 | D:6      | Found a staircase to the Ecumenical Temple.
  4121 | D:6      | Found a runed translucent door.
  4122 | D:6      | Noticed Crazy Yiuf
  4367 | D:6      | Killed Crazy Yiuf
  4435 | D:7      | Noticed a hornet
  4442 | D:7      | Paralysed by a hornet for 3 turns
  4448 | D:7      | Killed a hornet
  4561 | D:7      | Reached skill level 5 in Fighting
  4599 | D:7      | Gained mutation: You sometimes gain power by taking damage.
                  | [demonic ancestry]
  4599 | D:7      | Reached XP level 9. HP: 56/68 MP: 7/9
  4787 | D:7      | Reached skill level 7 in Axes
  5007 | D:7      | Found a runed translucent door.
  5015 | D:7      | Found a runed translucent door.
  5031 | D:7      | Reached ** piety under Okawaru
  5329 | D:8      | Reached skill level 8 in Axes
  5395 | D:8      | Reached *** piety under Okawaru
  5493 | D:8      | Reached skill level 5 in Armour
  5686 | D:9      | Gained mutation: You resist negative energy. (rN+) [demonic
                  | ancestry]
  5686 | D:9      | Reached XP level 10. HP: 76/76 MP: 10/10
  5784 | D:9      | Noticed Erolcha
  5806 | D:9      | Killed Erolcha
  5806 | D:9      | Reached **** piety under Okawaru
  5806 | D:9      | Reached skill level 9 in Axes
  6086 | D:10     | Entered Level 10 of the Dungeon
  6188 | D:10     | Noticed Josephine
  6203 | D:10     | Killed Josephine
  6327 | D:10     | Found a staircase to the Lair.
  6605 | D:10     | Found a staircase to the Orcish Mines.
  6633 | D:10     | Reached ***** piety under Okawaru
  6633 | D:10     | Reached skill level 10 in Axes
  6719 | D:10     | Reached XP level 11. HP: 63/84 MP: 8/11
  6827 | D:10     | Noticed Sonja
  6842 | D:10     | Killed Sonja
  7003 | D:10     | Noticed a three-headed hydra
  7010 | D:10     | Killed a one-headed hydra
  7369 | Lair:1   | Entered Level 1 of the Lair of Beasts
  7475 | Lair:1   | Received a gift from Okawaru
  7824 | Lair:1   | Got a polished cloak
  7835 | Lair:1   | Identified the +0 cloak of Purpose {+Blink Stlth+} (You
                  | found it on level 1 of the Lair of Beasts)
  7955 | Lair:1   | Reached skill level 11 in Axes
  8283 | Lair:2   | Received a gift from Okawaru
  8435 | Lair:2   | Reached XP level 12. HP: 84/92 MP: 12/12
  8469 | Lair:2   | Found the +8 whip "Snakebite" {curare, rPois}
  9305 | Lair:3   | Reached skill level 10 in Shields
  9341 | Lair:3   | Reached skill level 1 in Invocations
  9344 | Lair:3   | Found a dark tunnel.
  9357 | Volcano  | Entered a volcano
  9434 | Volcano  | Reached skill level 12 in Axes
  9958 | Volcano  | Received a gift from Okawaru
 10365 | Lair:3   | Found a staircase to the Snake Pit.
 10429 | Lair:3   | You fall through a shaft for 3 floors!
 10429 | Lair:6   | Entered Level 6 of the Lair of Beasts
 10561 | Lair:6   | Gained mutation: You are powered by pain. [demonic
                  | ancestry]
 10561 | Lair:6   | Reached XP level 13. HP: 92/101 MP: 14/14
 10618 | Lair:6   | Reached skill level 13 in Axes
 10651 | Lair:6   | Reached ****** piety under Okawaru
 10754 | Lair:6   | Received a gift from Okawaru
 11006 | Lair:6   | Reached skill level 10 in Fighting
 11386 | Lair:6   | Noticed a fire dragon
 11967 | Lair:6   | Killed a fire dragon
 12396 | Lair:6   | Found a runed translucent door.
 12753 | Lair:6   | Killed from afar by an ice dragon

Skill      XL: |  1  2  3  4  5  6  7  8  9 10 11 12 13 |
---------------+----------------------------------------+-----
Axes           | 2 3 4 5 6 8 10 11 12 13 | 13.9
Shields        | 3 4 5 6 7 8 9 11 12 | 12.3
Armour         | 3 4 5 6 7 |  7.4
Dodging        | 1 2 3 |  3.9
Fighting       | 4 5 6 7 8 9 10 | 10.2
Stealth        | 1 2 |  2.7
Invocations    | 1 3 |  3.1
Evocations     | |  0.6

Action                   |  1- 3 |  4- 6 |  7- 9 | 10-12 | 13-15 || total
-------------------------+-------+-------+-------+-------+-------++-------
Melee: War axe           |   248 |   119 |   471 |   796 |   472 ||  2106
       Hand axe          |       |       |       |    63 |    21 ||    84
Invok: Heroism           |       |       |     1 |    23 |    19 ||    43
       Finesse           |       |       |       |       |     2 ||     2
Evoke: Wand              |       |     3 |       |     2 |       ||     5
  Use: Scroll            |     7 |     1 |     7 |    11 |     4 ||    30
       Potion            |       |       |       |       |     3 ||     3
 Stab: Paralysed         |       |     5 |       |     5 |       ||    10
       Invisible         |       |       |     1 |       |       ||     1
  Eat: Chunk             |     2 |     4 |    11 |    13 |       ||    30
       Ration            |       |       |     2 |     2 |     2 ||     6
Armor: Scale mail        |   122 |    27 |   141 |    39 |       ||   329
       Plate armour      |       |       |       |   167 |   117 ||   284
Dodge: Dodged            |    88 |    38 |   173 |   362 |   223 ||   884
Block: Shield            |   198 |    89 |   348 |   634 |   407 ||  1676
       Reflection        |     3 |     3 |     3 |     9 |     1 ||    19
